 Dungeon Crawl Stone Soup version 0.20-a0-899-g09a9bfb (webtiles) character file.

2361 BrendanD the Skirmisher (level 9, -5/106 HPs)
             Began as a Demonspawn Berserker on Mar 18, 2017.
             Was an Elder of Trog.
             Slain by a titanic slime creature (62 damage)
             ... on level 8 of the Dungeon.
             The game lasted 00:24:27 (6170 turns).

BrendanD the Skirmisher (Demonspawn Berserker)      Turns: 6170, Time: 00:24:28

Health: -5/106     AC: 19    Str: 22    XL:     9   Next: 21%
Magic:  0/9        EV: 11    Int:  9    God:    Trog [****..]
Gold:   329        SH:  9    Dex: 16    Spells: 8/8 levels left

rFire    . . .     SeeInvis .   a - +0 falchion
rCold    . . .     Gourm    .   S - +0 plate armour
rNeg     . . .     Faith    +   D - +0 shield
rPois    .         Spirit   +   F - +2 hat
rElec    .         Reflect  .   f - +2 cloak
rCorr    .         Harm     .   (no gloves)
MR       .....                  (no boots)
Stlth    ..........             J - amulet of faith {!P}
Regen    0.3/turn               C - +4 ring of evasion
MPRegen  0.2/turn               p - +1 ring of protection

@: berserking, very quick
A: antennae 2, rugged brown scales 1, demonic guardian 1, magic shield
a: Berserk, Trog's Hand, Brothers in Arms, Burn Spellbooks, Renounce Religion


You were on level 8 of the Dungeon.
You worshipped Trog.
Trog was greatly pleased with you.
You were hungry.

You visited 1 branch of the dungeon, and saw 8 of its levels.

You collected 329 gold pieces.

Inventory:

Hand Weapons
 a - a +0 falchion (weapon)
 x - a +2 quarterstaff of chaos
Missiles
 e - 3 javelins (quivered)
 r - 8 curare-tipped needles
Armour
 f - a +2 cloak (worn)
 D - a +0 shield (worn)
 F - a +2 hat (worn)
 S - a +0 plate armour (worn)
Jewellery
 p - a +1 ring of protection (left hand)
 v - an uncursed ring of protection from fire
 A - a +1 ring of protection
 C - a +4 ring of evasion (right hand)
 J - an amulet of faith (around neck) {!P}
 M - an uncursed ring of magical power {unknown}
 O - a +3 ring of intelligence {unknown}
Wands
 E - a wand of disintegration (16/24)
 H - a wand of random effects (22/48)
 P - a wand of flame (23/48)
Scrolls
 g - 2 scrolls of remove curse {@r2}
 i - a scroll of enchant weapon {unknown}
 l - a scroll of teleportation {unknown}
 q - a scroll of enchant armour {unknown}
 y - 2 scrolls of blinking {unknown}
 B - a scroll of fear
 K - a scroll of magic mapping {unknown}
 N - 3 scrolls of identify {@r1}
Potions
 b - 3 potions of flight {unknown}
 d - 3 potions of might {unknown}
 h - a potion of mutation {unknown}
 j - a potion of agility {unknown}
 m - 2 potions of curing {@q1}
 n - 2 potions of brilliance {unknown}
 o - 2 potions of heal wounds {@q2}
 u - 4 potions of lignification {!q}
 z - a potion of berserk rage {unknown}
 G - a potion of degeneration {unknown}
Books
 s - a book of Changes

   Spells                             Type                      Level
   a - Beastly Appendage              Transmutation                1
   b - Sticks to Snakes               Transmutation                2
   c - Spider Form                    Transmutation/Poison         3
   d - Ice Form                       Ice/Transmutation            4
   e - Blade Hands                    Transmutation                5
   Trog disapproves of the use of such an item.
 w - Sif Muna's Collected Works on the Escort
   (You found it on level 3 of the Dungeon)

   Spells                             Type                      Level
   a - Summon Small Mammal            Summoning                    1
   Trog disapproves of the use of such an item.
 Q - a Young Poisoner's Handbook

   Spells                             Type                      Level
   a - Sting                          Conjuration/Poison           1
   b - Poisonous Vapours              Poison/Air                   2
   c - Mephitic Cloud                 Conjuration/Poison/Air       3
   d - Olgreb's Toxic Radiance        Poison                       4
   e - Venom Bolt                     Conjuration/Poison           5
   Trog disapproves of the use of such an item.
Comestibles
 c - 4 bread rations
 t - 2 royal jellies
 I - 3 fruits
 L - a meat ration


   Skills:
 + Level 6.2 Fighting
 + Level 6.2 Long Blades
 * Level 5.8 Armour
 * Level 5.7 Dodging
 + Level 2.8 Shields


You had 8 spell levels left.
You didn't know any spells.

Dungeon Overview and Level Annotations

Branches:
Dungeon (8/15)             Temple (0/1) D:6
   Lair: D:8-11

Altars:
Fedhas
Hepliaklqana
Kikubaaqudgha
Ru
Sif Muna
Vehumet
Xom
The Shining One

Shops:
D:7 =

Annotations:
D:6 1 runed door


Innate Abilities, Weirdness & Mutations

You have a pair of antennae on your head.
You are partially covered in rugged brown scales. (AC +1, +3% HP)
A weak demonic guardian rushes to your aid.
When hurt, damage is shared between your health and your magic reserves.


Message History

The floor.
A red film seems to cover your vision as you go berserk!
You feel yourself moving faster!
You feel mighty!
You are feeling hungry.
Your white imp hits the titanic slime creature.
Your white imp freezes the titanic slime creature.
You block the titanic slime creature's attack.
You slash the titanic slime creature! You slash the titanic slime creature!
The titanic slime creature hits you!!!
Your white imp hits the titanic slime creature.
Your white imp freezes the titanic slime creature.
You hear a shout!
You hear a croak.
You hear a shout!
Your plate armour prevents you from hitting the titanic slime creature.
You block the titanic slime creature's attack.
Your white imp gestures at the titanic slime creature.
The puff of frost hits the titanic slime creature.
You hit the titanic slime creature. You hit the titanic slime creature.
The titanic slime creature hits you!!!
Ouch! That really hurt!
You die...

†.# ##)#.# .. ###
##(#.##.#
######.......#
#....#....####
#....#.#..####
#......#.>...#
#......#####.#
#......# #.#
#......# #@#
#....### #..5J.....#
#....+ .............
#....#####.........#
#####....#
#######..<. ....#
...# ....# ..# ....#
.# ....#


You could see a titanic slime creature and a friendly white imp.

Vanquished Creatures
  An orc warrior (D:8)
  An ogre (D:5)
  A phantom (D:5)
  2 necrophages (D:5)
  A centaur (D:8)
  Blork the orc (D:6)
  A bullfrog (D:8)
  3 scorpions
  A water moccasin skeleton (D:8)
  8 killer bees
  A bullfrog zombie (D:6)
  A centaur zombie (D:7)
  A quasit (D:7)
  A hound (D:8)
  A jelly (D:6)
  2 bullfrog skeletons
  Crazy Yiuf (D:2)
  3 iguanas
  Natasha (twice) (D:4)
  4 orc wizards
  5 worker ants
  A killer bee zombie (D:7)
  8 adders
  An adder skeleton (D:4)
  3 worms
  2 dart slugs (D:2)
  5 leopard geckos
  22 orcs
  2 ball pythons (D:5)
  9 giant cockroaches
  18 goblins
  5 hobgoblins
  3 quokkas
  5 bats
  2 frilled lizards
  A jackal skeleton (D:4)
  A jackal zombie (D:5)
  5 kobolds
  4 rats
  A butterfly (D:6)
140 creatures vanquished.

Vanquished Creatures (collateral kills)
  The ghost of yaymichael the Chiller, an amateur DrIE (D:7)
  A soldier ant (D:6)
  A sky beast (D:5)
  A centaur (D:7)
  A scorpion (D:6)
  A killer bee (D:8)
  An orc priest (D:5)
  3 worker ants (D:6)
  Robin (D:2)
  5 orcs
  A ball python (D:2)
  A goblin (D:2)
  A quokka (D:7)
  A jackal skeleton (D:5)
20 creatures vanquished.

Vanquished Creatures (others)
  A plant (D:5)
1 creature vanquished.

Grand Total: 161 creatures vanquished

Notes
Turn   | Place    | Note
-------+----------+-------------------------------------------
     0 | D:1      | BrendanD the Demonspawn Berserker began the quest for the Orb.
     0 | D:1      | Reached XP level 1. HP: 18/18 MP: 1/1
   468 | D:1      | Gained mutation: A weak demonic guardian rushes to your aid. [demonic ancestry]
   468 | D:1      | Reached XP level 2. HP: 24/24 MP: 2/2
  1006 | D:2      | Reached XP level 3. HP: 25/29 MP: 3/3
  1040 | D:2      | Found a runed door.
  1158 | D:2      | Noticed Robin
  1160 | D:2      | Reached ** piety under Trog
  1167 | D:2      | Killed Robin
  1253 | D:2      | Gained mutation: You have a pair of small antennae on your head. [demonic ancestry]
  1253 | D:2      | Reached XP level 4. HP: 32/37 MP: 4/4
  1547 | D:2      | Found a glowing golden altar of the Shining One.
  1670 | D:2      | Noticed Crazy Yiuf
  1681 | D:2      | Killed Crazy Yiuf
  2083 | D:3      | Gained mutation: When hurt, damage is shared between your health and your magic reserves. [demonic ancestry]
  2083 | D:3      | Reached XP level 5. HP: 33/42 MP: 5/5
  2108 | D:3      | Found an ancient bone altar of Kikubaaqudgha.
  2595 | D:3      | Found a radiant altar of Vehumet.
  2675 | D:3      | Found a deep blue altar of Sif Muna.
  2681 | D:3      | Identified Sif Muna's Collected Works on the Escort
  2752 | D:4      | Noticed Natasha
  2765 | D:4      | Killed Natasha
  2901 | D:4      | Reached *** piety under Trog
  2962 | D:4      | Found a hazy altar of Hepliaklqana.
  3096 | D:4      | Noticed Natasha
  3101 | D:4      | Killed Natasha
  3185 | D:5      | Entered Level 5 of the Dungeon
  3234 | D:5      | Reached XP level 6. HP: 37/49 MP: 6/6
  3612 | D:5      | Reached skill level 5 in Long Blades
  3613 | D:5      | Found a blossoming altar of Fedhas.
  3616 | D:5      | Found a sacrificial altar of Ru.
  3638 | D:5      | Noticed a sky beast
  3664 | D:5      | Killed a sky beast
  3664 | D:5      | Gained mutation: You are partially covered in rugged brown scales. (AC +1, +3% HP) [demonic ancestry]
  3664 | D:5      | Reached XP level 7. HP: 22/56 MP: 5/7
  3935 | D:5      | Reached skill level 5 in Fighting
  4415 | D:6      | Found a shimmering altar of Xom.
  4416 | D:6      | Noticed Blork the orc
  4421 | D:6      | Killed Blork the orc
  4522 | D:6      | Found a staircase to the Ecumenical Temple.
  4622 | D:6      | Found a runed door.
  4638 | D:6      | Found a runed door.
  4661 | D:6      | Gained mutation: You have a pair of antennae on your head. [demonic ancestry]
  4661 | D:6      | Reached XP level 8. HP: 64/64 MP: 8/8
  4664 | D:6      | Reached **** piety under Trog
  4667 | D:6      | Reached skill level 1 in Shields
  5280 | D:7      | Noticed yaymichael's ghost (amateur DrIE)
  5293 | D:7      | Killed yaymichael's ghost
  5308 | D:7      | Reached skill level 5 in Dodging
  5337 | D:7      | Found Fonaiwikk's Jewellery Shop.
  5588 | D:8      | Reached skill level 5 in Armour
  5659 | D:8      | Reached XP level 9. HP: 30/71 MP: 4/9
  6170 | D:8      | Slain by a titanic slime creature

Vault maps used:
D:1:      dpeg_arrival_arbitrary_a
D:2:      lemuel_coloured_pillars_altar, first_bread,
          hangedman_decor_clover_reticule, minmay_hexomino_f4,
          uniq_crazy_yiuf_cottage, uniq_robin
D:3:      grunt_temple_overflow_magic_moments
D:4:      kennysheep_little_box, uniq_natasha
D:5:      grunt_temple_overflow_open, saegor_snake_ambush
D:6:      lemuel_insect_pit, lemuel_round_altar, minmay_temple_entry_overgrown,
          uniq_blork_the_orc
D:7:      serial_shops, nicolae_shop_waterfront
D:8:      nicolae_dithmenos_through_a_glass_darkly

Skill      XL: |  1  2  3  4  5  6  7  8 |
---------------+-------------------------+-----
Long Blades    | 3 4 5 6 |  6.2
Fighting       | 4 5 6 |  6.2
Armour         | 2 3 4 5 |  5.8
Dodging        | 2 3 4 5 |  5.7
Shields        | 2 |  2.8

Action                   |  1- 3 |  4- 6 |  7- 9 || total
-------------------------+-------+-------+-------++-------
Melee: Falchion          |    94 |   247 |   449 ||   790
Invok: Berserk           |     1 |     4 |     4 ||     9
       Trog's Hand       |       |       |     1 ||     1
Evoke: Wand              |       |       |     1 ||     1
  Use: Scroll            |       |     2 |     4 ||     6
       Potion            |       |       |     3 ||     3
 Stab: Distracted        |       |       |     4 ||     4
  Eat: Chunk             |     2 |    12 |     8 ||    22
       Bread ration      |       |       |     1 ||     1
Armor: Animal skin       |     5 |       |       ||     5
       Ring mail         |    29 |    70 |   109 ||   208
       Skin              |       |       |    34 ||    34
       Plate armour      |       |       |    24 ||    24
Dodge: Dodged            |    53 |   108 |   265 ||   426
Block: Shield            |       |       |   186 ||   186
       Rpst.: Falchion   |    13 |    30 |    87 ||   130
